 Dungeon Crawl Stone Soup version 0.31.0-32-g396128a36d (webtiles) character file.

Game seed: 15105993529129014754

32 H0rd4k the Charlatan (level 3, -4/23 HPs)
             Began as an Octopode Artificer on Mar 21, 2024.
             Slain by a goblin
             ... wielding a +1 dagger of venom
             ... led by Robin
              (6 damage)
             ... on level 2 of the Dungeon.
             The game lasted 00:01:00 (981 turns).

H0rd4k the Charlatan (Octopode Artificer)            Turns: 981, Time: 00:01:00

Health: -4/23      AC:  1    Str: 11    XL:     3   Next: 25%
Magic:  12/12      EV: 13    Int: 15    God:
Gold:   83         SH:  5    Dex: 12    Spells: 2/2 levels left

rFire   + .          .
                       - Unarmed
rCold   . . .        (no shield)
rNeg    + . .        (helmet restricted)
rPois   .            p - amulet "Eneh Cytz" {Reflect rF+ rN+ SH+5 Stlth+}
rElec   .            k - ring of magical power
rCorr   .            (no ring)
SInv    .            (no ring)
Will    .....        (no ring)
Stlth   ++++         (no ring)
HPRegen 0.23/turn    (no ring)
MPRegen 0.13/turn    (no ring)
                     (no ring)

%: reflection
@: lethally poisoned (-4 -> -7)
A: almost no armour, amphibious, 8 rings, camouflage 1, gelatinous body 1,
(nimble swimmer 1), tentacles
a: no special abilities


You were on level 2 of the Dungeon.
You visited 1 branch of the dungeon, and saw 2 of its levels.

You collected 83 gold pieces.

Inventory:

Jewellery
 k - a ring of magical power (left tentacle)
 p - the amulet "Eneh Cytz" (around mantle) {Reflect rF+ rN+ SH+5 Stlth+}
   (You found it on level 2 of the Dungeon)

   [amulet of reflection]

   Reflect:   It reflects blocked missile attacks.
   rF+:       It protects you from fire.
   rN+:       It protects you from negative energy.
   SH+5:      It affects your SH (+5).
   Stlth+:    It makes you more stealthy.
Wands
 b - a wand of flame (29) (quivered)
 c - a wand of charming (11)
 d - a wand of iceblast (5)
Scrolls
 a - a scroll of teleportation {unknown}
 g - 2 scrolls of poison {unknown}
 l - a scroll of identify {unknown}
 n - a scroll of fog {unknown}
Potions
 e - a potion of mutation {unknown}
 f - a potion of heal wounds {unknown}
 h - a potion of lignification {unknown}
 i - a potion of berserk rage {unknown}
 j - a potion of degeneration {unknown}
 m - a potion of curing {unknown}
 o - a potion of resistance {unknown}


   Skills:
 + Level 1.6 Fighting
 - Level 2.3 Dodging
 - Level 1.3 Stealth
 + Level 2.4 Unarmed Combat
 - Level 3.2 Evocations


You had 2 spell levels left.
You didn't know any spells.
Your spell library contained the following spells:

 Spells                   Type           Power      Damage    Failure   Level
 Conjure Ball Lightning   Conj/Air       0%         3x3d6     100%        6
 Discord                  Hex            0%         N/A       100%        8
 Disjunction              Tloc           0%         N/A       100%        8


Dungeon Overview and Level Annotations

Branches:
Dungeon (2/15)

Altars:
Ashenzari

Annotations:
D:2 Robin


Innate Abilities, Weirdness & Mutations

You cannot wear most types of armour.
You are amphibious.
You can wear up to eight rings at the same time.
Your skin changes colour to match your surroundings (Stealth+).
Your rubbery body absorbs attacks. (AC +1, EV +1)
((You are camouflaged when in or above water. (Stealth+)))
You have tentacles for arms and can constrict up to eight enemies at once.


Message History

You hear a shout!
Aiming: Charm
Press: ? - help, Shift-Dir - straight line, f - goblin, p - goblin
Aim: a goblin, wielding a +1 dagger of venom (strong, chance to affect: 73%)
The goblin struggles to resist.
The goblin hits your hobgoblin but does no damage.
Your hobgoblin is poisoned.
Unknown command.
Your hobgoblin barely misses the goblin.
Robin hits your goblin with a +2 dagger of freezing.
Robin freezes your goblin.
Your goblin dies!
Things that are here:
a +0 club; a goblin corpse You miss the goblin.
Your grab misses the goblin. Your squeeze misses the goblin.
Your hobgoblin closely misses the goblin.
The goblin barely misses you.
The goblin unwields a +0 dagger.
The goblin wields a +0 sling.
The goblin shoots a sling bullet.
The sling bullet hits your hobgoblin.
Unknown command.
Your hobgoblin closely misses the goblin.
The goblin closely misses your hobgoblin.
Robin attacks as they pursue you! Robin closely misses you.
The goblin attacks as it pursues you! The goblin barely misses you.
Your hobgoblin misses the goblin.
The hobgoblin closely misses your hobgoblin.
Robin throws the goblin at you!
The goblin hits you with a +1 dagger of venom.
* * * LOW HITPOINT WARNING * * *
You are lethally poisoned!
Aiming: Charm
Press: ? - help, Shift-Dir - straight line, f/p - goblin
Aim: a goblin, wielding a +1 dagger of venom (strong, ally target, chance to affect: 73%)
The goblin struggles to resist.
* * * LOW HITPOINT WARNING * * *
You feel sick.
Your hobgoblin dies!
The goblin hits you with a +1 dagger of venom.
You die...

.#... .# ..... ... .<...
#.## ..... #..# .....
#..# # .#.## ##..##.####
#... #######..........
#.## #....g@.g.##.##.#
#.#
...######gg#...#.####.##
#.†.g...........
##g#g..#.####.##
#.##.##.####.#
#.##.$).....†#
#.#####)######
#.###...####
#....g........


You could see Robin, a hobgoblin (strong) and 4 goblins.

Vanquished Creatures
  An adder (D:2)
  A ball python (D:1)
  3 bats
  An endoplasm (D:2)
  5 goblins
  A hobgoblin (D:1)
  2 quokkas (D:1)
  5 kobolds
  2 rats (D:2)
21 creatures vanquished.

Vanquished Creatures (others)
  A goblin (D:2)
  A hobgoblin (D:2)
2 creatures vanquished.

Grand Total: 23 creatures vanquished

Notes
Turn   | Place    | Note
-------+----------+-------------------------------------------
     0 | D:1      | H0rd4k the Octopode Artificer began the quest for the Orb.
     0 | D:1      | Reached XP level 1. HP: 13/13 MP: 1/1
   240 | D:1      | Reached skill level 1 in Unarmed Combat
   283 | D:1      | Reached XP level 2. HP: 18/18 MP: 2/2
   897 | D:2      | Found a broken altar of Ashenzari.
   945 | D:2      | Identified the amulet "Eneh Cytz" {Reflect rF+ rN+ SH+5
                  | Stlth+}
   945 | D:2      | Noticed Robin
   962 | D:2      | Reached XP level 3. HP: 10/23 MP: 3/3
   981 | D:2      | Slain by a goblin

Illustrated notes

Levels and vault maps discovered:
D:1:      shiori_arrival_maze, layout_basic, minmay_misc_feat_x,
          grunt_decor_mini_mirrors
D:2:      layout_loops_ring, basic_altar, uniq_robin

Skill      XL: |  1  2 |
---------------+-------+-----
Unarmed Combat | 1 2 |  2.4
Fighting       | |  1.6
Dodging        | |  2.3
Stealth        | |  1.3
Evocations     | |  3.2

Action                     || total
---------------------------++-------
  Melee: Unarmed           ||    48
         Constrict         ||    11
         Tentacles         ||     9
  Evoke: Wand              ||     4
   Stab: Sleeping          ||     7
 Armour: Skin              ||    28
  Dodge: Dodged            ||    33
  Block: Other             ||     1
